 Dungeon Crawl Stone Soup version 0.24.0-28-g17ded55e90 (webtiles) character file.

Game seed: 8588662261301738954, levelgen mode: deterministic

70 Curus the Poker (level 4, -1/33 HPs)
             Began as a Merfolk Gladiator on Nov 13, 2019.
             Slain by a black bear (11 damage)
             ... on level 3 of the Dungeon.
             The game lasted 00:07:32 (2002 turns).

Curus the Poker (Merfolk Gladiator)                 Turns: 2002, Time: 00:07:33

Health: -1/33      AC:  4    Str: 14    XL:     4   Next: 22%
Magic:  4/4        EV: 14    Int:  7    God:
Gold:   48         SH:  0    Dex: 16    Spells: 3/3 levels left

rFire    . . .     SeeInvis +   a - +0 trident
rCold    . . .     Gourm    .   (no shield)
rNeg     . . .     Faith    .   b - +0 leather armour
rPois    .         Spirit   .   c - +0 helmet
rElec    .         Reflect  .   (no cloak)
rCorr    .         Harm     .   (no gloves)
MR       +....                  (no boots)
Stlth    +.........             (no amulet)
HPRegen  0.11/turn              g - ring of see invisible
MPRegen  0.09/turn              i - ring of protection from magic

@: no status effects
A: change form in water, swift swim, stealthy swim
a: no special abilities


You were on level 3 of the Dungeon.
You were not hungry.

You visited 1 branch of the dungeon, and saw 3 of its levels.

You collected 48 gold pieces.

Inventory:

Hand Weapons
 a - a +0 trident (weapon)
Missiles
 d - 3 throwing nets (quivered)
Armour
 b - a +0 leather armour (worn)
 c - a +0 helmet (worn)
 h - a +1 ring mail of poison resistance
Jewellery
 g - a ring of see invisible (left hand)
 i - a ring of protection from magic (right hand)
 l - an uncursed ring of protection from fire
Scrolls
 e - a scroll of magic mapping
Potions
 j - a potion of berserk rage
 k - a potion of curing
Comestibles
 f - a ration


   Skills:
 - Level 2.1 Fighting
 + Level 7.2 Polearms
 - Level 2.0 Throwing
 - Level 4.0 Dodging


You had 3 spell levels left.
You didn't know any spells.
Your spell library was empty.

Dungeon Overview and Level Annotations

Branches:
Dungeon (3/15)

Altars:
Ashenzari
Dithmenos
Nemelex Xobeh
Zin

Annotations:
D:3 Ijyb, Sigmund


Message History

The black bear bites you but does no damage.
The black bear misses you. The black bear closely misses you.
You hit the black bear.
The black bear is almost dead.
The black bear closely misses you. The black bear completely misses you.
The black bear closely misses you.
You barely miss the black bear.
The black bear is almost dead.
The black bear bites you. The black bear misses you.
The black bear closely misses you.
You closely miss the black bear.
The black bear is almost dead.
The black bear bites you! The black bear barely misses you. x2
The black bear bites you.
* * * LOW HITPOINT WARNING * * *
The black bear barely misses you. The black bear misses you.
You hit the black bear.
The black bear is almost dead.
The black bear bites you!
You die...

#. .. #.
.. #. .#
#.##.#####
#........#
#........#
#........#
#..@h....#
#.<......#
#........#
#........#
#......$.#
##########


You could see a black bear (berserk).

Vanquished Creatures
  2 adders (D:2)
  An ooze (D:1)
  2 dart slugs
  2 leopard geckos
  2 giant cockroaches (D:1)
  5 goblins (D:1)
  2 hobgoblins
  6 jackals
  6 kobolds
  3 ball pythons
  6 bats
  3 frilled lizards (D:1)
  A rat (D:1)
41 creatures vanquished.

Notes
Turn   | Place    | Note
-------+----------+-------------------------------------------
     0 | D:1      | Curus the Merfolk Gladiator began the quest for the Orb.
     0 | D:1      | Reached XP level 1. HP: 16/16 MP: 1/1
    29 | D:1      | Reached skill level 5 in Polearms
    29 | D:1      | Reached XP level 2. HP: 13/22 MP: 2/2
   435 | D:1      | Reached skill level 6 in Polearms
   435 | D:1      | Reached XP level 3. HP: 27/27 MP: 3/3
   884 | D:2      | Found a glowing silver altar of Zin.
  1084 | D:2      | Found a shadowy altar of Dithmenos.
  1084 | D:2      | Found a shattered altar of Ashenzari.
  1089 | D:2      | Found a faded altar of an unknown god.
  1091 | D:2      | Found a faded altar of an unknown god.
  1097 | D:2      | Found a sparkling altar of Nemelex Xobeh.
  1138 | D:2      | Reached XP level 4. HP: 30/33 MP: 4/4
  1140 | D:2      | Reached skill level 7 in Polearms
  1853 | D:3      | Noticed Ijyb
  1857 | D:3      | Noticed Sigmund
  1992 | D:3      | Noticed a black bear
  2002 | D:3      | Slain by a black bear

Levels and vault maps discovered:
D:1:      erik_arrival_triangle_huge, layout_basic, serial_bayou_crossing
D:2:      layout_loops_corners, chequers_temple_overflow_minitemple, zin_academy
D:3:      layout_rooms, grunt_temple_overflow_open, overflow_temple_1_default,
          cheibrodos_sewer_entry_drain, uniq_sigmund, uniq_ijyb

Skill      XL: |  1  2  3  4 |
---------------+-------------+-----
Polearms       | 5 6 7 |  7.2
Fighting       | |  2.1
Throwing       | |  2.0
Dodging        | |  4.0

Action                   |  1- 3 |  4- 6 || total
-------------------------+-------+-------++-------
Melee: Trident           |   132 |    26 ||   158
  Use: Potion            |     3 |     2 ||     5
       Scroll            |     4 |     1 ||     5
 Stab: Sleeping          |     2 |       ||     2
  Eat: Chunk             |     1 |       ||     1
       Ration            |       |     1 ||     1
Armor: Leather armour    |    33 |     3 ||    36
Dodge: Dodged            |    87 |    23 ||   110
